 Seeded DCSS version 0.29-a0-352-g0917bc69df (webtiles) character file.

Game seed: 6116790032406730293 (custom seed)

7527 greenreed the Nimble (level 11, -11/115 HPs)
             Began as a Gnoll Monk on Apr 23, 2022.
             Was a High Priest of Jiyva.
             Mangled by a red devil
             ... wielding a +0 trident
             ... summoned by a kobold demonologist
              (14 damage)
             ... on level 10 of the Dungeon.
             The game lasted 00:29:12 (10278 turns).

greenreed the Nimble (Gnoll Monk)                  Turns: 10278, Time: 00:29:12

Health: -11/115    AC: 12    Str: 14    XL:     11   Next: 16%
Magic:  20/20      EV: 15    Int: 11    God:    Jiyva [*****.]
Gold:   546        SH:  6    Dex: 18    Spells: 22/22 levels left

rFire   . . .      SeeInvis .   v - +0 flail (protect)
rCold   + . .      Faith    .   L - +0 buckler
rNeg    + + .      Spirit   .   H - +2 ring mail of Ojuwiuru {rN++ Regen+ rCorr Slay+2 Stlth-}
rPois   +          Reflect  .   (helmet restricted)
rElec   .          Harm     .   b - +0 cloak
rCorr   +          Rampage  .   g - +0 pair of gloves
Will    .....                   m - +0 pair of boots
Stlth   ++........              x - amulet of magic regeneration
HPRegen 2.53/turn               A - ring of protection from cold
MPRegen 1.02/turn               E - ring of poison resistance

@: spiked, hasted, very quick
A: fangs 1, strong nose, distributed training, horns 1, agile 1, clever 1, sense
surroundings 1, robust 3
a: Renounce Religion, Oozemancy, Slimify


You were on level 10 of the Dungeon.
You worshipped Jiyva.
Jiyva was extremely pleased with you.
You visited 2 branches of the dungeon, and saw 11 of its levels.
You also visited: Sewer and Bailey.

You collected 546 gold pieces.

Inventory:

Hand Weapons
 a - a +0 mace
 u - a +0 hand crossbow
 v - a +0 flail of protection (weapon)
 D - a +0 hand crossbow of flaming
Missiles
 l - 3 poisoned darts (quivered)
 F - 2 throwing nets
Armour
 b - a +0 cloak (worn)
 g - a +0 pair of gloves (worn)
 m - a +0 pair of boots (worn)
 H - the +2 ring mail of Ojuwiuru (worn) {rN++ Regen+ rCorr Slay+2 Stlth-}
   (You found it on level 5 of the Dungeon)

   Slay:      It affects your accuracy & damage with ranged weapons and melee
   (+2).
   rN:        It greatly protects you from negative energy.
   Regen:     It increases your rate of health regeneration.
   rCorr:     It protects you from acid and corrosion.
   Stlth:     It makes you less stealthy.
 L - a +0 buckler (worn)
 N - the +2 helmet of Monotheism {Will+ Str+2 Dex+3}
   (You acquired it in a bailey)

   Str:       It affects your strength (+2).
   Dex:       It affects your dexterity (+3).
   Will:      It increases your willpower.
Magical Staves
 y - a staff of death
Jewellery
 x - an amulet of magic regeneration (around neck)
 A - a ring of protection from cold (left hand)
 E - a ring of poison resistance (right hand)
 J - a +6 ring of strength
Wands
 d - a wand of digging (7)
 K - a wand of polymorph (10)
Scrolls
 c - a scroll of immolation {unknown}
 h - a scroll of silence {unknown}
 i - a scroll of vulnerability {unknown}
 k - 2 scrolls of amnesia
 n - a scroll of torment {unknown}
 o - 3 scrolls of teleportation
 p - a scroll of holy word {unknown}
 r - 2 scrolls of fear
 G - 2 scrolls of enchant weapon
 I - a scroll of identify
Potions
 e - a potion of haste
 f - 2 potions of curing
 j - 3 potions of berserk rage
 q - 5 potions of attraction
 s - a potion of lignification
 t - 4 potions of might
 w - 4 potions of flight
 z - 3 potions of magic
 B - 2 potions of heal wounds
 C - a potion of cancellation {unknown}
 M - a potion of brilliance {unknown}


   Skills:
 + Level 9.0 Fighting
 + Level 6.0 Short Blades
 + Level 6.0 Long Blades
 + Level 6.0 Axes
 + Level 9.0 Maces & Flails
 + Level 6.0 Polearms
 + Level 6.0 Staves
 + Level 6.0 Slings
 + Level 6.0 Bows
 + Level 6.0 Crossbows
 + Level 6.0 Throwing
 + Level 6.0 Armour
 + Level 9.0 Dodging
 + Level 7.4 Stealth
 + Level 6.0 Shields
 + Level 6.0 Unarmed Combat
 + Level 6.0 Spellcasting
 + Level 5.0 Conjurations
 + Level 5.0 Hexes
 + Level 5.0 Summonings
 + Level 5.0 Necromancy
 + Level 5.0 Translocations
 + Level 5.0 Transmutations
 + Level 5.0 Fire Magic
 + Level 5.0 Ice Magic
 + Level 5.0 Air Magic
 + Level 5.0 Earth Magic
 + Level 5.0 Poison Magic
 + Level 6.6 Invocations
 + Level 6.0 Evocations


You had 22 spell levels left.
You didn't know any spells.
Your spell library contained the following spells:

 Spells                   Type           Power      Damage    Failure   Level
 Shock                    Conj/Air       56%        1d6       6%          1
 Blink                    Tloc           28%        N/A       9%          2
 Lesser Beckoning         Tloc           14%        N/A       19%         3
 Swiftness                Air            14%        N/A       19%         3
 Airstrike                Air            7%         N/A       52%         4
 Manifold Assault         Tloc           14%        N/A       86%         5


Dungeon Overview and Level Annotations

Branches:
Dungeon (10/15)            Temple (0/1) D:5            Lair (0/6) D:8
    Orc (1/2) D:9           Sewer (visited)          Bailey (visited)

Altars:
Cheibriados
Hepliaklqana

Shops:
D:5 =

Annotations:
D:5 1 runed translucent door
D:9 1 runed translucent door, ardl's ghost, novice HONe
Orc:1 Harold


Innate Abilities, Weirdness & Mutations

You have very sharp teeth.
Your uncanny sense of smell can sniff out nearby items.
Your experience applies equally to all skills.
You have a pair of small horns on your head.
You are agile. (Dex +2)
Your mind is acute. (Int +2)
You passively map a small area around you.
You are extremely robust. (+30% HP)


Message History

The red devil hits you from afar with a +0 trident of distortion.
Barbed spikes become lodged in your body.
You blink.
The red devil hits you from afar with a +1 demon trident of electrocution!
Barbed spikes become lodged in your body.
You are electrocuted!
* * * LOW HITPOINT WARNING * * *
You feel yourself speed up.
The kobold demonologist looks encouraged for a moment.
The red devil hits you from afar with a +1 demon trident of electrocution!
* * * LOW HITPOINT WARNING * * *
Barbed spikes become lodged in your body.
You feel better.
The ufetubus hits you but does no damage.
The ufetubus barely misses you.
You hear a distant slurping noise.
The kobold demonologist gestures wildly while chanting.
You feel much better.
The crimson imp disappears in a puff of smoke!
The quasit disappears in a puff of smoke!
The ufetubus misses you.
The ufetubus hits you but does no damage.
The red devil hits you from afar with a +1 demon trident of electrocution!
* * * LOW HITPOINT WARNING * * *
Barbed spikes become lodged in your body.
The red devil hits you from afar with a +0 trident.
* * * LOW HITPOINT WARNING * * *
Barbed spikes become lodged in your body.
The red devil completely misses you.
The barbs in your skin will harm you if you move.
Continue?
The barbed spikes dig painfully into your body as you move.
* * * LOW HITPOINT WARNING * * *
The kobold demonologist closely misses you.
The red devil hits you with a +1 demon trident of electrocution!
* * * LOW HITPOINT WARNING * * *
Barbed spikes become lodged in your body.
You are electrocuted!
* * * LOW HITPOINT WARNING * * *
The red devil hits you from afar with a +0 trident!
You die...

#...# #....## #....#
####* ##....#
#.....## ##......#
#...§...# ##54.....#
#.5K§....##
#.@45.....#
#...4......## #
#...........## ##. *
*
#......#####..####...
* ....#####
###......# * .####
##...### , , , #
##....# * * ##.....
#..####


You could see a kobold demonologist, 3 red devils, a quasit (summoned), a white
imp (summoned) and an ufetubus (summoned).

Vanquished Creatures
  The ghost of greenreed the Shield-Bearer, a novice GnFi of Elyvilon (D:5)
  An orc knight (Bailey)
  A deep elf pyromancer (D:7)
  An elephant (D:8)
  A gargoyle (D:7)
  Psyche (D:8)
  A hornet (D:9)
  2 wyverns
  11 yaks
  A steam dragon (D:7)
  5 wargs
  2 ice beasts
  6 orc warriors
  2 black bears (D:8)
  3 centaurs
  3 ogres
  A phantom (D:5)
  A bullfrog (D:7)
  A necrophage (D:6)
  A scorpion (D:5)
  An electric eel (D:9)
  3 howler monkeys
  2 jellies (Sewer)
  An orc priest (D:6)
  A gnoll shaman (D:8)
  3 hounds (D:5)
  3 iguanas
  8 orc wizards
  9 gnolls
  11 adders
  A river rat (D:5)
  2 white imps
  4 worms (Sewer)
  5 dart slugs
  45 orcs
  7 ball pythons
  14 endoplasms
  9 giant cockroaches
  20 goblins
  10 hobgoblins
  16 kobolds
  3 quokkas
  6 bats
  4 frilled lizards
  6 rats
240 creatures vanquished.

Vanquished Creatures (others)
  A steam dragon (D:7)
  An ice beast (D:8)
  A gnoll sergeant (D:8)
  A bullfrog (D:8)
  A necrophage (D:6)
  14 jellies
  An orc wizard (Orc:1)
  An adder (D:6)
  3 gnolls (D:8)
  A white imp (D:8)
  7 orcs
  2 giant cockroaches (Sewer)
  5 plants (D:9)
39 creatures vanquished.

Grand Total: 279 creatures vanquished

Notes
Turn   | Place    | Note
-------+----------+-------------------------------------------
     0 | D:1      | greenreed the Gnoll Monk began the quest for the Orb.
     0 | D:1      | Reached XP level 1. HP: 23/23 MP: 1/1
   279 | D:1      | Reached XP level 2. HP: 25/29 MP: 2/2
   664 | D:1      | Reached XP level 3. HP: 35/35 MP: 3/3
  1016 | D:2      | Found a hazy altar of Hepliaklqana.
  1245 | D:2      | Reached skill level 1 in Invocations
  1496 | D:2      | Reached skill level 1 in Short Blades
  1496 | D:2      | Reached skill level 1 in Long Blades
  1496 | D:2      | Reached skill level 1 in Axes
  1496 | D:2      | Reached skill level 1 in Polearms
  1496 | D:2      | Reached skill level 1 in Staves
  1496 | D:2      | Reached skill level 1 in Slings
  1496 | D:2      | Reached skill level 1 in Bows
  1496 | D:2      | Reached skill level 1 in Crossbows
  1496 | D:2      | Reached skill level 1 in Throwing
  1496 | D:2      | Reached skill level 1 in Armour
  1496 | D:2      | Reached skill level 1 in Shields
  1496 | D:2      | Reached skill level 1 in Unarmed Combat
  1496 | D:2      | Reached skill level 1 in Spellcasting
  1496 | D:2      | Reached skill level 1 in Evocations
  1816 | D:2      | Reached XP level 4. HP: 29/41 MP: 5/5
  2358 | D:3      | Reached skill level 1 in Conjurations
  2358 | D:3      | Reached skill level 1 in Hexes
  2358 | D:3      | Reached skill level 1 in Summonings
  2358 | D:3      | Reached skill level 1 in Necromancy
  2358 | D:3      | Reached skill level 1 in Translocations
  2358 | D:3      | Reached skill level 1 in Transmutations
  2358 | D:3      | Reached skill level 1 in Fire Magic
  2358 | D:3      | Reached skill level 1 in Ice Magic
  2358 | D:3      | Reached skill level 1 in Air Magic
  2358 | D:3      | Reached skill level 1 in Earth Magic
  2358 | D:3      | Reached skill level 1 in Poison Magic
  2485 | D:3      | Found a faded altar of an unknown god.
  2944 | D:4      | Reached XP level 5. HP: 37/47 MP: 5/7
  3556 | D:4      | Noticed an ogre
  3582 | D:4      | Killed an ogre
  3583 | D:4      | Reached XP level 6. HP: 53/53 MP: 8/8
  3895 | D:4      | Found a snail-covered altar of Cheibriados.
  4089 | D:5      | Entered Level 5 of the Dungeon
  4339 | D:5      | Reached XP level 7. HP: 59/59 MP: 10/10
  4355 | D:5      | Found Rasika's One-of-a-Kind Rings.
  4520 | D:5      | Found a staircase to the Ecumenical Temple.
  4615 | D:5      | Found a runed translucent door.
  4621 | D:5      | Noticed greenreed's ghost (novice GnFi)
  4770 | D:6      | Noticed a wyvern
  4777 | D:6      | HP: 2/60 [wyvern (9)]
  4796 | D:6      | Killed a wyvern
  4797 | D:6      | Reached skill level 5 in Stealth
  5039 | D:6      | Reached XP level 8. HP: 50/67 MP: 12/12
  5096 | D:6      | Found a glowing drain.
  5119 | Sewer    | Entered a sewer
  5369 | Sewer    | Found a viscous altar of Jiyva.
  5391 | Sewer    | Became a worshipper of Jiyva Jisiom the Shapeless
  5391 | Sewer    | Reached * piety under Jiyva
  5391 | Sewer    | Reached ** piety under Jiyva
  6309 | D:5      | Reached *** piety under Jiyva
  6356 | D:5      | Found a runed translucent door.
  6384 | D:5      | Identified the +2 ring mail of Ojuwiuru {rN++ Regen+ rCorr
                  | Slay+2 Stlth-}
  6684 | D:5      | Killed greenreed's ghost
  6685 | D:5      | Reached XP level 9. HP: 73/73 MP: 14/14
  6935 | D:7      | Gained mutation: You have a small jelly attached to you
                  | that may absorb projectiles. [Jiyva's grace]
  6935 | D:7      | Gained mutation: You passively dampen the noise of your
                  | surroundings. [Jiyva's grace]
  6935 | D:7      | Gained mutation: Your melee attacks may engulf your foes in
                  | ooze. [Jiyva's grace]
  6935 | D:7      | Gained mutation: Your muscles are strong. (Str +2) [Jiyva's
                  | grace]
  6997 | D:7      | Noticed a gargoyle
  7003 | D:7      | Killed a gargoyle
  7178 | D:7      | Noticed a deep elf pyromancer
  7190 | D:7      | Killed a deep elf pyromancer
  7340 | D:7      | Reached skill level 5 in Invocations
  7463 | D:7      | Reached **** piety under Jiyva
  7932 | D:8      | Found a transporter.
  7936 | D:8      | Found a transporter.
  7978 | D:8      | Noticed an elephant
  7979 | D:8      | Found a staircase to the Lair.
  8013 | D:8      | Killed an elephant
  8014 | D:8      | Reached XP level 10. HP: 71/80 MP: 15/17
  8033 | D:8      | Reached skill level 5 in Short Blades
  8033 | D:8      | Reached skill level 5 in Long Blades
  8033 | D:8      | Reached skill level 5 in Axes
  8033 | D:8      | Reached skill level 5 in Polearms
  8033 | D:8      | Reached skill level 5 in Staves
  8033 | D:8      | Reached skill level 5 in Slings
  8033 | D:8      | Reached skill level 5 in Bows
  8033 | D:8      | Reached skill level 5 in Crossbows
  8033 | D:8      | Reached skill level 5 in Throwing
  8033 | D:8      | Reached skill level 5 in Armour
  8033 | D:8      | Reached skill level 5 in Shields
  8033 | D:8      | Reached skill level 5 in Unarmed Combat
  8033 | D:8      | Reached skill level 5 in Spellcasting
  8033 | D:8      | Reached skill level 5 in Evocations
  8060 | D:8      | Noticed a two-headed ogre
  8078 | D:8      | Slimified a two-headed ogre
  8078 | D:8      | Noticed an azure jelly
  8078 | D:8      | a two-headed ogre changed into an azure jelly
  8113 | D:8      | Noticed Psyche
  8134 | D:8      | Killed Psyche
  8140 | D:8      | Found a transporter.
  8142 | D:8      | Found a transporter.
  8248 | D:8      | Found a flagged portal.
  8270 | D:8      | Found a transporter.
  8278 | D:8      | Found a transporter.
  8331 | Bailey   | Entered a bailey
  8336 | Bailey   | Noticed an orc warlord
  8442 | Bailey   | Found a runed translucent gate.
  8444 | Bailey   | Found a runed translucent gate.
  8454 | Bailey   | Found a runed translucent gate.
  8461 | Bailey   | Noticed an orc knight
  8482 | Bailey   | Killed an orc knight
  8638 | Bailey   | Slimified an orc warlord
  8638 | Bailey   | Noticed an acid blob
  8638 | Bailey   | an orc warlord changed into an acid blob
  8641 | Bailey   | Identified the +7 plate armour "Diokosob" {Harm Rampage
                  | rPois Int-2}
  8657 | Bailey   | Acquired the +2 helmet of Monotheism {Will+ Str+2 Dex+3}
  9059 | D:9      | Lost mutation: Your muscles are strong. (Str +2) [potion of
                  | mutation]
  9059 | D:9      | Lost mutation: You have a small jelly attached to you that
                  | may absorb projectiles. [potion of mutation]
  9059 | D:9      | Gained mutation: You are somewhat resistant to further
                  | mutation. [potion of mutation]
  9060 | D:9      | Lost mutation: You passively dampen the noise of your
                  | surroundings. [potion of mutation]
  9060 | D:9      | Lost mutation: You are somewhat resistant to further
                  | mutation. [potion of mutation]
  9060 | D:9      | Lost mutation: Your melee attacks may engulf your foes in
                  | ooze. [potion of mutation]
  9060 | D:9      | Gained mutation: You are agile. (Dex +2) [potion of
                  | mutation]
  9060 | D:9      | Gained mutation: You passively map a small area around you.
                  | [potion of mutation]
  9060 | D:9      | Gained mutation: Your mind is acute. (Int +2) [potion of
                  | mutation]
  9111 | D:9      | Noticed ardl's ghost (novice HONe)
  9112 | D:9      | Found a runed translucent door.
  9128 | D:9      | Gained mutation: You are robust. (+10% HP) [Jiyva's grace]
  9128 | D:9      | Gained mutation: You are very robust. (+20% HP) [Jiyva's
                  | grace]
  9128 | D:9      | Gained mutation: You are extremely robust. (+30% HP)
                  | [Jiyva's grace]
  9128 | D:9      | Gained mutation: You have a pair of small horns on your
                  | head. [Jiyva's grace]
  9447 | D:9      | Found a staircase to the Orcish Mines.
  9483 | Orc:1    | Entered Level 1 of the Orcish Mines
  9577 | Orc:1    | Reached XP level 11. HP: 113/113 MP: 19/19
  9632 | Orc:1    | Noticed Harold
  9792 | D:10     | Entered Level 10 of the Dungeon
  9839 | D:10     | Reached skill level 5 in Conjurations
  9839 | D:10     | Reached skill level 5 in Hexes
  9839 | D:10     | Reached skill level 5 in Summonings
  9839 | D:10     | Reached skill level 5 in Necromancy
  9839 | D:10     | Reached skill level 5 in Translocations
  9839 | D:10     | Reached skill level 5 in Transmutations
  9839 | D:10     | Reached skill level 5 in Fire Magic
  9839 | D:10     | Reached skill level 5 in Ice Magic
  9839 | D:10     | Reached skill level 5 in Air Magic
  9839 | D:10     | Reached skill level 5 in Earth Magic
  9839 | D:10     | Reached skill level 5 in Poison Magic
 10167 | D:10     | Reached ***** piety under Jiyva
 10278 | D:10     | HP: 3/115 [red devil/+1 demon trident of electrocution[a
                  | kobold demonologist] (9)]
 10278 | D:10     | Mangled by a red devil

Illustrated notes

Levels and vault maps discovered:
D:1:      roderic_crossed_star, layout_basic, minmay_misc_feat_x
D:2:      layout_loops_ring, basic_altar, st_stairs_11, minmay_cupped
D:3:      layout_basic, ebering_ecumenical_altar_ruins
D:4:      layout_basic, slow_altar_2
D:5:      layout_gridville, minmay_temple_entry_enclosed_plants,
          ebering_ghost_sewer_f, grunt_ministairs_1, nicolae_shop_unique_rings
D:6:      layout_basic, portal_sewer_entry_d
D:7:      layout_basic
D:8:      layout_basic, david_lair_generic, enter_bailey_3,
          serial_nicolae_subway, nicolae_sub_station_metal,
          nicolae_sub_station_stone, nicolae_sub_station_crystal, uniq_psyche
D:9:      layout_rooms, minmay_orc_entry_guard_dogs, hellmonk_ghost_big_iron,
          kennysheep_potato
D:10:     layout_cave_pods, grunt_ministairs_9
Orc:1:    layout_diamond_mine, uniq_harold

Skill      XL: |  1  2  3  4  5  6  7  8  9 10 11 |
---------------+----------------------------------+-----
Invocations    | 1 2 3 4 5 6 |  6.6
Short Blades   | 1 2 3 4 5 6 |  6.0
Long Blades    | 1 2 3 4 5 6 |  6.0
Axes           | 1 2 3 4 5 6 |  6.0
Polearms       | 1 2 3 4 5 6 |  6.0
Staves         | 1 2 3 4 5 6 |  6.0
Slings         | 1 2 3 4 5 6 |  6.0
Bows           | 1 2 3 4 5 6 |  6.0
Crossbows      | 1 2 3 4 5 6 |  6.0
Throwing       | 1 2 3 4 5 6 |  6.0
Armour         | 1 2 3 4 5 6 |  6.0
Shields        | 1 2 3 4 5 6 |  6.0
Unarmed Combat | 1 2 3 4 5 6 |  6.0
Spellcasting   | 1 2 3 4 5 6 |  6.0
Evocations     | 1 2 3 4 5 6 |  6.0
Conjurations   | 1 2 3 4 5 |  5.0
Hexes          | 1 2 3 4 5 |  5.0
Summonings     | 1 2 3 4 5 |  5.0
Necromancy     | 1 2 3 4 5 |  5.0
Translocations | 1 2 3 4 5 |  5.0
Transmutations | 1 2 3 4 5 |  5.0
Fire Magic     | 1 2 3 4 5 |  5.0
Ice Magic      | 1 2 3 4 5 |  5.0
Air Magic      | 1 2 3 4 5 |  5.0
Earth Magic    | 1 2 3 4 5 |  5.0
Poison Magic   | 1 2 3 4 5 |  5.0
Fighting       | 7 8 9 |  9.0
Maces & Flails | 7 8 9 |  9.0
Dodging        | 7 8 9 |  9.0
Stealth        | 5 6 7 |  7.4

Action                   |  1- 3 |  4- 6 |  7- 9 | 10-12 || total
-------------------------+-------+-------+-------+-------++-------
Melee: Mace              |    95 |    70 |       |       ||   165
       Bite              |     3 |    10 |    50 |    58 ||   121
       Punch             |     1 |     3 |     8 |       ||    12
       Flail             |       |   121 |   440 |   360 ||   921
       Headbutt          |       |       |       |    46 ||    46
Throw: Throwing net      |       |     2 |       |       ||     2
       Dart              |       |       |     3 |       ||     3
Invok: Slimify           |       |       |       |     2 ||     2
  Use: Potion            |       |       |     5 |     7 ||    12
       Scroll            |       |       |       |    14 ||    14
 Stab: Sleeping          |    14 |     9 |     7 |     2 ||    32
       Distracted        |       |     1 |     1 |     1 ||     3
Armor: Robe              |    21 |    25 |    76 |       ||   122
       Ring mail         |       |       |    75 |   165 ||   240
Dodge: Dodged            |    74 |   138 |   294 |   292 ||   798
Block: Buckler           |       |       |     5 |   129 ||   134

Table legend: (Time is in decaauts)
 A = Elapsed time spent in this place.
 B = Non-inter-level travel time spent in this place.
 C = Inter-level travel time spent in this place.
 D = Time resting spent in this place.
 E = Time spent auto-exploring this place.
 F = Levels seen in this place.
 G = Mean time per level.
                   A        B        C        D        E       F      G
               +--------+--------+--------+--------+--------+-----+--------+
         Total |  10336 |   9893 |    443 |    195 |   7179 |  13 |  795.1 |
       Dungeon |   9397 |   8954 |    443 |    101 |   6865 |  10 |  939.7 |
  Orcish Mines |    213 |    213 |      0 |      0 |     98 |   1 |  213.0 |
         Sewer |    380 |    380 |      0 |     94 |     97 |   1 |  380.0 |
        Bailey |    345 |    345 |      0 |      0 |    117 |   1 |  345.0 |
               +--------+--------+--------+--------+--------+-----+--------+

Top non-repeatable levels by time:
     D:6: 1365 daAuts
     D:2: 1200 daAuts
     D:4: 1160 daAuts
     D:5: 1062 daAuts
     D:7: 1060 daAuts
     D:1: 1009 daAuts
     D:3: 735 daAuts
     D:8: 679 daAuts
     D:9: 640 daAuts
    D:10: 483 daAuts
   Sewer: 380 daAuts
  Bailey: 345 daAuts
   Orc:1: 213 daAuts
